 Dungeon Crawl Stone Soup version 0.17-a0-1450-g7e755d1 (webtiles) character file.

275 Raurakos the Slicer (level 6, 0/39 HPs)
             Began as a Halfling Warper on June 30, 2015.
             Slain by an adder (2 damage)
             ... on level 2 of the Dungeon.
             The game lasted 00:14:41 (4734 turns).

Raurakos the Slicer (Halfling Warper)               Turns: 4734, Time: 00:14:41

Health: 0/39       AC:  4    Str: 11    XL:     6   Next: 49%
Magic:  7/8        EV: 13    Int: 12    God:
Gold:   148        SH:  0    Dex: 16    Spells: 3 memorised, 3 levels left

rFire  . . .     SeeInvis .     a - +0 short sword
rCold  . . .     Clarity  .     v - +0 leather armour
rNeg   . . .     SustAt   .     (shield restricted)
rPois  .         Gourm    .     (no helmet)
rElec  .         Spirit   .     (no cloak)
rCorr  .         Warding  .     h - +0 pair of gloves
rMut   .         Stasis   .     (no boots)
MR     .....                    (no amulet)
Stlth  +.........               (no ring)
                                (no ring)

@: drained, not resistant to hostile enchantments, very unstealthy
A: mutation resistance 1
a: no special abilities


You were on level 2 of the Dungeon.
You were hungry.

You visited 1 branch of the dungeon, and saw 3 of its levels.

You collected 148 gold pieces.

Inventory:

Hand weapons
 a - a +0 short sword (weapon)
 b - a +0 blowgun
Missiles
 e - 3 tomahawks of dispersal
 g - 61 stones (quivered)
 p - 16 poisoned needles
Armour
 h - a +0 pair of gloves (worn)
 v - a +0 leather armour (worn)
Scrolls
 d - 2 scrolls of blinking
 j - a scroll of recharging {unknown}
 l - 5 scrolls of remove curse {unknown}
 m - 2 scrolls of fog {unknown}
 n - 4 scrolls of identify {unknown}
 o - a scroll of fear {unknown}
 r - a scroll of enchant weapon {unknown}
 t - 2 scrolls of teleportation {unknown}
Potions
 k - a potion of agility {unknown}
 q - a potion of heal wounds {unknown}
 u - a potion of invisibility {unknown}
Books
 c - a book of Spatial Translocations

   Spells                             Type                      Level
   a - Apportation                    Translocation                1
   b - Blink                          Translocation                2
   c - Shroud of Golubria             Charms/Translocation         2
   d - Portal Projectile              Translocation                3
   e - Teleport Other                 Translocation                3
   f - Passage of Golubria            Translocation                4
Comestibles
 f - 3 bread rations
 i - a fruit
 s - a chunk of flesh


   Skills:
 - Level 1.7(0.7) Fighting
 + Level 8.4(7.2) Short Blades
 - Level 1.3(0.3) Throwing
 - Level 1.1(0.1) Armour
 - Level 2.1(1.1) Dodging
 - Level 1.5(0.5) Spellcasting
 - Level 3.2(2.2) Translocations


You had 3 spell levels left.
You knew the following spells:

 Your Spells              Type           Power        Failure   Level  Hunger
a - Apportation           Tloc           #.........   21%         1    ##.....
b - Blink                 Tloc           N/A          30%         2    ###....
c - Shroud of Golubria    Chrm/Tloc      #.........   43%         2    ###....


Dungeon Overview and Level Annotations

Branches:
Dungeon (3/15)

Altars:
Trog


Innate Abilities, Weirdness & Mutations

You are small and have problems with some larger weapons.
You are somewhat resistant to further mutation.


Message History

There is a stone staircase leading up, spattered with blood here.
The wight hits you with a halberd!
You feel drained.
You climb upwards.
The wight hits you with a war axe of flaming!
* * * LOW HITPOINT WARNING * * *
You feel drained.
* * * LOW HITPOINT WARNING * * *
The wight burns you.
* * * LOW HITPOINT WARNING * * *
There is a stone staircase leading down here.
Cast which spell? (? or * to list)
You blink.
You are feeling hungry.
An adder comes into view.
The adder bites you.
* * * LOW HITPOINT WARNING * * *
The adder barely misses you.
There is an open door here.
The adder bites you.
You die...

.).............##.########.)...).
......##.#####.##......##.).._..)
####..######...##.####.##........
#..##.....#.........#....###..
#..##.....#.........#...##y##.
##.##.....#.........#....###..
#>)'.....z.........#.........
#.##.....#zS.......##........
##'##.....##.@.......##.......
#.........##.........#####.###
#......#############.# #)##.
#......# ########.## #.#..
#......# ####.....##..# #.#..
#......###........###.# #.#..
#.................# #.# #.#..
##.#####.)........# #.# #.#.. #.#
#........#####'####.#..


You could see 2 wights and an adder.

Vanquished Creatures
  2 orc priests
  Terence (D:3)
  2 orc wizards
  4 adders
  3 oozes
  3 worms (D:2)
  5 giant geckos
  7 orcs
  3 ball pythons
  5 giant cockroaches
  8 goblins
  4 hobgoblins
  8 jackals
  8 bats
  4 giant newts
  7 kobolds
  8 rats
82 creatures vanquished.

Notes
Turn   | Place    | Note
--------------------------------------------------------------
     0 | D:1      | Raurakos the Halfling Warper began the quest for the Orb.
     0 | D:1      | Reached XP level 1. HP: 14/14 MP: 3/3
    75 | D:1      | Reached XP level 2. HP: 13/19 MP: 4/4
   221 | D:1      | Reached skill level 4 in Short Blades
   341 | D:1      | Reached XP level 3. HP: 21/24 MP: 5/5
   887 | D:2      | Reached skill level 5 in Short Blades
  1106 | D:2      | Reached XP level 4. HP: 18/29 MP: 6/6
  1601 | D:2      | Noticed a moth of wrath
  1607 | D:2      | Found a bloodstained altar of Trog.
  2192 | D:2      | Learned a level 2 spell: Blink
  2195 | D:2      | Learned a level 2 spell: Shroud of Golubria
  2266 | D:2      | Reached skill level 6 in Short Blades
  2485 | D:2      | Reached XP level 5. HP: 22/34 MP: 7/7
  2938 | D:3      | Reached skill level 7 in Short Blades
  3321 | D:3      | Noticed Terence
  3338 | D:3      | Killed Terence
  3338 | D:3      | Reached XP level 6. HP: 26/39 MP: 8/8
  3820 | D:3      | Reached skill level 8 in Short Blades
  4734 | D:2      | Slain by an adder

Vault maps used:
D:1:      saegor_arrival_simple_e
D:2:      tgw_trog
D:3:      uniq_terence

Action                   |  1- 3 |  4- 6 || total
-------------------------+-------+-------++-------
Melee: Short sword       |   161 |   289 ||   450
 Fire: Blowgun           |       |     8 ||     8
Throw: Tomahawk          |     1 |     1 ||     2
       Stone             |       |    13 ||    13
 Cast: Blink             |       |     1 ||     1
 Stab: Sleeping          |     1 |     1 ||     2
  Eat: Chunk             |       |    12 ||    12
